Workbook
Name _____ACT1: #REF!
Name _____ACT2: #REF!
Name _____VLR1: (#REF!)
Name ____ACT1: #REF!
Name ____ACT2: #REF!
Name ____VLR1: (#REF!)
Name ___ACT1: #REF!
Name ___ACT2: #REF!
Name ___VLR1: (#REF!)
Name __ACT1: #REF!
Name __ACT2: #REF!
Name __POA2: #REF!
Name __VLR1: (#REF!)
Name _2: #REF!
Name _6: #REF!
Name _ACT1: #REF!
Name _ACT2: #REF!
Name _POA2: #REF!
Name _POAAAA: #REF!
Name _VLR1: (#REF!)
Name aaa: #REF!
Name AAAAAA: #REF!
Name ACUM: #REF!
Name ACUM1: (#REF!)
Name ACUM2: #REF!
Name alo: #REF!
Name e: #REF!
Name ffff: #REF!
Name Garfico1: #REF!
Name GGGGGGG: #REF!
Name GRAFI: #REF!
Name GRAFI1: #REF!
Name GRAFICO: #REF!
Name POA_21: #REF!
Name Pres: #REF!
Name PUNT1: #REF!
Name PUNT2: #REF!
Name RANGO1: #REF!
Name Reesumen: #REF!
Name Resumen: #REF!
Name resumencito: #REF!
Name SFGH: #REF!
Name Tabla_asignación: #REF!
Name Tabla_Recursos: #REF!
Name TTTTT: #REF!

Sheet Sigl.
A2: i. Siglas utilizadas en los Instrumentos de Planificación del Proyecto PN-L1146
A4: AAPP | B4: Áreas Protegidas
A5: BID | B5: Banco Interamericano de Desarrollo
A6: BPPP | B6: Bosque Protector y Paisaje Protegido
A7: CC | B7: Cuadro de Costos
A8: CD | B8: Contratación Directa
A9: CE | B9: Comité de Evaluación
A10: CGR | B10: Contraloría General de la República
A11: CI | B11: Carta de Invitación
A12: CP | B12: Comparación de Precios
A13: DDL | B13: Documentos de Licitación
A14: EDT | B14: Estructura Desglosada del Trabajo
A15: EE | B15: Esquema de Ejecución
... A50: UNESCO | B50: Organización de las Naciones Unidas para la Educación, la Ciencia y la Cultura

Sheet Crit
A1: ii. Criterios aplicados para la elaboración de los Instrumentos de Planificación del Proyecto (en desarrollo)

Sheet 1-Beneficiarios
B1: D- Versión: 0
B2: FUNDACIÓN NATURA
B3: Matriz de Resultados Ciclo de Proyectos
B5: Poblalción Objetivo | C5: Unidad Territorial o geográfica | D5: Caracterización
B6: % de hogares o viviendas | D6: % de viviendas
B7: Habitantes de la comunidad | D7: número de habitantes
B8: Criterios de inclusión / exclusión | D8: Brechas de género
B9: Institución rectora del recurso | D9: presencia institucional para supervisar
B10: Institución administradora del recurso | D10: Capacidad de gestión administrativa
B11: Otros socios estratégicos | D11: Capacidad de gestión administrativa
B13: Objetos de Conservación | C13: Unidad Territorial o geográfica o ecológica | D13: Atributo / Unidad de Medida
B14: Un hábitat natural crítico o vulnerable | D14: Cobertura boscosa
B15: cuerpo de agua crítico para la recarga de agua | D15: Calidad de agua, volumen de agua, diversidad de especies presentes
B16: la población de especies amenazadas | D16: Tamaño poblacional, distribución, éxito reproductivo, índicebiodiversidad
B17: Calidad del suelo en fincas ganaderas | D17: Materia orgnánica, infiltración de agua, compactación del suelo, toneladas de CO2, escorrentía superficial
B18: Institución rectora del recurso | D18: presencia y capacidad institucional para supervisar

Sheet 2 Objetivo General
B1: FUNDACIÓN NATURA
B2: Matriz de Resultados Ciclo de Proyectos
B4: Nombre del Proyecto: | C4: Elaboración e implementación de al menos 60 planes de manejo de finca (PMF), para el fortalecimiento de la ganadería sostenible y la agricultura climáticamente inteligente, incorporando tecnologías y soluciones basadas en la naturaleza en el Pacífico Central y Arco Seco de Panamá
B5: Objetivo General o impacto esperado del Proyecto | C5: Elaborar e implementar al menos 60 planes de manejo de finca que orienten la transición de fincas ganaderas y agrícolas del Pacífico Central y Arco Seco hacia sistemas de producción climáticamente inteligentes resilientes y biodiversos, mediante la incorporación de Soluciones Basadas en la Naturaleza, tecnologías de adaptación climática y mecanismos de capacitación y transferencia de conocimiento, con enfoque de género e interseccionalidad

Sheet 3- Resultados e Indicadores
B2: FUNDACIÓN NATURA Matriz de Resultados Ciclo de Proyectos
B4: Nombre del Proyecto: | C4: ='2 Objetivo General'!C4 -> Elaboración e implementación de al menos 60 planes de manejo de finca (PMF), para el fortalecimiento de la ganadería sostenible y la agricultura climáticamente inteligente, incorporando tecnologías y soluciones basadas en la naturaleza en el Pacífico Central y Arco Seco de Panamá
B5: Objetivo General o impacto esperado del Proyecto | C5: ='2 Objetivo General'!C5 -> Elaborar e implementar al menos 60 planes de manejo de finca que orienten la transición de fincas ganaderas y agrícolas del Pacífico Central y Arco Seco hacia sistemas de producción climáticamente inteligentes resilientes y biodiversos, mediante la incorporación de Soluciones Basadas en la Naturaleza, tecnologías de adaptación climática y mecanismos de capacitación y transferencia de conocimiento, con enfoque de género e interseccionalidad
B6: Indicador de Impacto Esperado o Resulado Final | C6: Línea Base | F6: Año de LB | G6: Meta | K6: ¿Cuándo se logra? | L6: Comentarios
B9: Resultado #1 - Objetivo Específico #1 - Componente 1
B11: Indicador de Resultado 1 | C11: Línea Base | F11: Año de LB | G11: Meta | K11: ¿Cuándo se logra? | L11: Comentarios
B14: Resultado #2 - Objetivo Específico #2 - Componente 2
B16: Indicador de Resultado 2 | C16: Línea Base | F16: Año de LB | G16: Meta | K16: ¿Cuándo se logra? | L16: Comentarios
B19: Resultado #3 - Objetivo Específico #3 - Componente 3
B21: Indicador de Resultado 3 | C21: Línea Base | F21: Año de LB | G21: Meta | K21: ¿Cuándo se logra? | L21: Comentarios

Sheet 4- Productos y Actividades
B2: FUNDACIÓN NATURA Matriz de Resultados Ciclo de Proyectos
B4: Matriz de Resultados del Proyecto
B6: Nombre del Proyecto: | C6: ='2 Objetivo General'!C4 -> Elaboración e implementación de al menos 60 planes de manejo de finca (PMF), para el fortalecimiento de la ganadería sostenible y la agricultura climáticamente inteligente, incorporando tecnologías y soluciones basadas en la naturaleza en el Pacífico Central y Arco Seco de Panamá
B7: Objetivo General o impacto esperado del Proyecto | C7: ='2 Objetivo General'!C5 -> Elaborar e implementar al menos 60 planes de manejo de finca que orienten la transición de fincas ganaderas y agrícolas del Pacífico Central y Arco Seco hacia sistemas de producción climáticamente inteligentes resilientes y biodiversos, mediante la incorporación de Soluciones Basadas en la Naturaleza, tecnologías de adaptación climática y mecanismos de capacitación y transferencia de conocimiento, con enfoque de género e interseccionalidad
B8: Indicador de Impacto Esperado o Resulado Final | C8: Línea Base | F8: Año de LB | G8: Meta | K8: ¿Cuándo se logra? | L8: Comentarios
B9: =+'3- Resultados e Indicadores'!B7 -> 0 | C9: =+'3- Resultados e Indicadores'!C7 -> 0 | F9: =+'3- Resultados e Indicadores'!F7 -> 0 | G9: =+'3- Resultados e Indicadores'!G7 -> 0 | K9: =+'3- Resultados e Indicadores'!K7 -> 0
B12: Resultado #1 - Objetivo Específico #1 - Componente 1
B13: =+'3- Resultados e Indicadores'!B10 -> 0
B14: Indicador de Resultado 1 | C14: Línea Base | F14: Año de LB | G14: Meta | K14: ¿Cuándo se logra? | L14: Comentarios
B15: =+'3- Resultados e Indicadores'!B12 -> 0 | C15: =+'3- Resultados e Indicadores'!C12 -> 0 | F15: =+'3- Resultados e Indicadores'!F12 -> 0 | G15: =+'3- Resultados e Indicadores'!G12 -> 0 | K15: =+'3- Resultados e Indicadores'!K12 -> 0
B16: Productos | C16: Línea Base | G16: Meta | K16: Plazo de entrega (# Trimestre) | L16: Comentarios
B17: Plan de instalación y línea base socioeconómica | C17: 0 fincas seleccionadas; sin línea base socioeconómica | G17: Plan operativo e institucional, Plan de Comunicación y PMFS aprobados; 60 fincas seleccionadas con acta de aceptación; línea base socioeconómica desagregada por sexo y condiciones de discapacidad. | K17: Trimestre 1 (día 90)
B18: Actividades Principales | E18: Presupuesto Total de la Actividad (Suma T1 a T11) | F18: Presupuesto S1 (nov-26 a abr-27) | G18: Presupuesto S2 (may-27 a oct-27) | H18: Presupuesto S3 (nov-27 a abr-28) | I18: Presupuesto S4 (may-28 a oct-28) | J18: Presupuesto S5 (nov-28 a abr-29) | K18: Presupuesto S6 (may-29 a oct-29)
E19: 0 | F19: $ | G19: $ | H19: $ | I19: $ | J19: $ | K19: $
E20: 0 | F20: $ | G20: $ | H20: $ | I20: $ | J20: $ | K20: $
E21: 0 | F21: $ | G21: $ | H21: $ | I21: $ | J21: $ | K21: $
E22: 0 | F22: $ | G22: $ | H22: $ | I22: $ | J22: $ | K22: $
E23: 0 | F23: $ | G23: $ | H23: $ | I23: $ | J23: $ | K23: $
B24: Presupuesto Total del Producto | E24: =SUM(E19:E23) -> 0 | F24: =SUM(F19:F23) -> 0 | G24: =SUM(G19:G23) -> 0 | H24: =SUM(H19:H23) -> 0 | I24: =SUM(I19:I23) -> 0 | J24: =SUM(J19:J23) -> 0 | K24: =SUM(K19:K23) -> 0
B25: Productos | C25: Línea Base | G25: Meta | K25: Plazo de entrega (# Trimestre) | L25: Comentarios
B26: Producto 2. Elaboración y validación de los 60 Planes de Manejo de Finca | C26: 0 PMF elaborados | G26: 60 PMF elaborados, validados tripartitamente y entregados, con análisis de suelos, cartografía digital georreferenciada y plan de inversión predial | K26: Trimestre 3 (día 270)
B27: Actividades Principales | E27: Presupuesto Total de la Actividad (Suma T1 a T6) | F27: Presupuesto S1 (nov-26 a abr-27) | G27: Presupuesto S2 (may-27 a oct-27) | H27: Presupuesto S3 (nov-27 a abr-28) | I27: Presupuesto S4 (may-28 a oct-28) | J27: Presupuesto S5 (nov-28 a abr-29) | K27: Presupuesto S6 (may-29 a oct-29)
E28: 0 | F28: 0 | G28: 0 | H28: 0 | I28: 0 | J28: 0 | K28: 0
E29: 0 | F29: 0 | G29: 0 | H29: 0 | I29: 0 | J29: 0 | K29: 0
E30: 0 | F30: 0 | G30: 0 | H30: 0 | I30: 0 | J30: 0 | K30: 0
B31: Presupuesto Total del Producto | E31: =SUM(E28:E30) -> 0 | F31: =SUM(F28:F30) -> 0 | G31: =SUM(G28:G30) -> 0 | H31: =SUM(H28:H30) -> 0 | I31: =SUM(I28:I30) -> 0 | J31: =SUM(J28:J30) -> 0 | K31: =SUM(K28:K30) -> 0
B33: Resultado #2 - Objetivo Específico #2 - Componente 2
B34: =+'3- Resultados e Indicadores'!B15 -> 0
B35: Indicador de Resultado 2 | C35: Línea Base | F35: Año de LB | G35: Meta | K35: ¿Cuándo se logra? # trimestre | L35: Comentarios
B36: =+'3- Resultados e Indicadores'!B17 -> 0 | C36: =+'3- Resultados e Indicadores'!B15 -> 0 | F36: =+'3- Resultados e Indicadores'!F17 -> 0 | G36: =+'3- Resultados e Indicadores'!G17 -> 0 | K36: =+'3- Resultados e Indicadores'!K17 -> 0
B37: Productos | C37: Línea Base | G37: Meta | K37: Plazo de entrega (# Trimestre) | L37: Comentarios
B38: IMPLEMENTACIÓN DE FINCAS MODELO Y ESCUELAS DE CAMPO AGRÍCOLAS | C38: 0 fincas modelo; 0 ECA ejecutadas | G38: 5 fincas modelo equipadas e inauguradas, al menos 2 lideradas por mujeres; un mínimo de 20 ECA ejecutadas con 60 participantes | K38: Trimestre 6 (día 540)
B39: Actividades Principales | E39: Presupuesto Total de la Actividad (Suma T1 a T6) | F39: Presupuesto S1 (nov-26 a abr-27) | G39: Presupuesto S2 (may-27 a oct-27) | H39: Presupuesto S3 (nov-27 a abr-28) | I39: Presupuesto S4 (may-28 a oct-28) | J39: Presupuesto S5 (nov-28 a abr-29) | K39: Presupuesto S6 (may-29 a oct-29)
E40: =SUM(F40:K40) -> 0 | F40: 0 | G40: 0 | H40: 0 | I40: 0 | J40: 0 | K40: 0
E41: =SUM(F41:K41) -> 0 | F41: 0 | G41: 0 | H41: 0 | I41: 0 | J41: 0 | K41: 0
E42: =SUM(F42:K42) -> 0 | F42: 0 | G42: 0 | H42: 0 | I42: 0 | J42: 0 | K42: 0
E43: =SUM(F43:K43) -> 0 | F43: 0 | G43: 0 | H43: 0 | I43: 0 | J43: 0 | K43: 0
E44: =SUM(F44:K44) -> 0 | F44: 0 | G44: 0 | H44: 0 | I44: 0 | J44: 0 | K44: 0
B45: Presupuesto Total del Producto | E45: =SUM(E40:E44) -> 0 | F45: =SUM(F40:F44) -> 0 | G45: =SUM(G40:G44) -> 0 | H45: =SUM(H40:H44) -> 0 | I45: =SUM(I40:I44) -> 0 | J45: =SUM(J40:J44) -> 0 | K45: =SUM(K40:K44) -> 0
B46: Productos | C46: Línea Base | G46: Meta | K46: Plazo de entrega (# Trimestre) | L46: Comentarios
B47: IMPLEMENTACIÓN TECNOLÓGICA Y SISTEMA DE MONITOREO AGROAMBIENTAL | C47: n/a | G47: n/a | K47: Trimestre 4 (día 720)
B48: Actividades Principales | E48: Presupuesto Total de la Actividad (Suma T1 a T6) | F48: Presupuesto S1 (nov-26 a abr-27) | G48: Presupuesto S2 (may-27 a oct-27) | H48: Presupuesto S3 (nov-27 a abr-28) | I48: Presupuesto S4 (may-28 a oct-28) | J48: Presupuesto S5 (nov-28 a abr-29) | K48: Presupuesto S6 (may-29 a oct-29)
B49: Actividad 2.2.1 | E49: =SUM(F49:K49) -> 0 | F49: 0 | G49: 0 | H49: 0 | I49: 0 | J49: 0 | K49: 0
B50: Actividad 2.2.2 | E50: =SUM(F50:K50) -> 0 | F50: 0 | G50: 0 | H50: 0 | I50: 0 | J50: 0 | K50: 0
B51: Actividad 2.2.3 | E51: =SUM(F51:K51) -> 0 | F51: 0 | G51: 0 | H51: 0 | I51: 0 | J51: 0 | K51: 0
B52: Presupuesto Total del Producto | E52: =SUM(E49:E51) -> 0 | F52: =SUM(F49:F51) -> 0 | G52: =SUM(G49:G51) -> 0 | H52: =SUM(H49:H51) -> 0 | I52: =SUM(I49:I51) -> 0 | J52: =SUM(J49:J51) -> 0 | K52: =SUM(K49:K51) -> 0
B53: Productos | C53: Línea Base | G53: Meta | K53: Plazo de entrega (# Trimestre) | L53: Comentarios
B54: No aplica. El Subproyecto 1.1.1 tiene seis productos, mapeados en los slots 1.1, 1.2, 2.1, 3.1, 3.2 y 3.3. | C54: n/a | G54: n/a | K54: n/a
B55: Actividades Principales | E55: Presupuesto Total de la Actividad (Suma T1 a T6) | F55: Presupuesto S1 (nov-26 a abr-27) | G55: Presupuesto S2 (may-27 a oct-27) | H55: Presupuesto S3 (nov-27 a abr-28) | I55: Presupuesto S4 (may-28 a oct-28) | J55: Presupuesto S5 (nov-28 a abr-29) | K55: Presupuesto S6 (may-29 a oct-29)
B56: Actividad principal 2.3.1: | E56: =SUM(F56:K56) -> 0 | F56: 0 | G56: 0 | H56: 0 | I56: 0 | J56: 0 | K56: 0
B57: Actividad principal 2.3.1: | E57: =SUM(F57:K57) -> 0 | F57: 0 | G57: 0 | H57: 0 | I57: 0 | J57: 0 | K57: 0
B58: Actividad principal 2.3.1: | E58: =SUM(F58:K58) -> 0 | F58: 0 | G58: 0 | H58: 0 | I58: 0 | J58: 0 | K58: 0
B59: Presupuesto Total del Producto | E59: =SUM(E56:E58) -> 0 | F59: =SUM(F56:F58) -> 0 | G59: =SUM(G56:G58) -> 0 | H59: =SUM(H56:H58) -> 0 | I59: =SUM(I56:I58) -> 0 | J59: =SUM(J56:J58) -> 0 | K59: =SUM(K56:K58) -> 0
B61: Resultado #3 - Objetivo Específico #3 - Componente 3
B62: =+'3- Resultados e Indicadores'!B20 -> 0
B63: Indicador de Resultado 3 | C63: Línea Base | F63: Año de LB | G63: Meta | K63: ¿Cuándo se logra? # trimestre | L63: Comentarios
B64: =+'3- Resultados e Indicadores'!B22 -> 0 | C64: =+'3- Resultados e Indicadores'!C22 -> 0 | F64: =+'3- Resultados e Indicadores'!F22 -> 0 | G64: =+'3- Resultados e Indicadores'!G22 -> 0 | K64: =+'3- Resultados e Indicadores'!K22 -> 0
B65: Productos | C65: Línea Base | G65: Meta | K65: Plazo de entrega (# Trimestre) | L65: Comentarios
B66: Producto 4a. Implementación física en las primeras 30 fincas | C66: 0 fincas con implementación física | G66: 30 fincas con SbN implementadas y recibidas mediante acta de entrega conjunta con el MIDA | K66: Trimestre 7 (día 620)
B67: Actividades Principales | E67: Presupuesto Total de la Actividad (Suma T1 a T6) | F67: Presupuesto S1 (nov-26 a abr-27) | G67: Presupuesto S2 (may-27 a oct-27) | H67: Presupuesto S3 (nov-27 a abr-28) | I67: Presupuesto S4 (may-28 a oct-28) | J67: Presupuesto S5 (nov-28 a abr-29) | K67: Presupuesto S6 (may-29 a oct-29)
E68: =SUM(F68:K68) -> 0 | F68: 0 | G68: 0 | H68: 0 | I68: 0 | J68: 0 | K68: 0
E69: =SUM(F69:K69) -> 0 | F69: 0 | G69: 0 | H69: 0 | I69: 0 | J69: 0 | K69: 0
E70: =SUM(F70:K70) -> 0 | F70: 0 | G70: 0 | H70: 0 | I70: 0 | J70: 0 | K70: 0
B71: Presupuesto Total del Producto | E71: =SUM(E68:E70) -> 0 | F71: =SUM(F68:F70) -> 0 | G71: =SUM(G68:G70) -> 0 | H71: =SUM(H68:H70) -> 0 | I71: =SUM(I68:I70) -> 0 | J71: =SUM(J68:J70) -> 0 | K71: =SUM(K68:K70) -> 0
B72: Productos | C72: Línea Base | G72: Meta | K72: Plazo de entrega (# Trimestre) | L72: Comentarios
B73: Producto 4b. Implementación física al 100% y monitoreo agroambiental | C73: 30 fincas con implementación física (Producto 4a) | G73: 60 fincas con SbN implementadas y recibidas por acta (1.000 ha ABMM y 300 ha AID); sistema de monitoreo agroambiental en operación | K73: Trimestre 8 (día 720)
B74: Actividades Principales | E74: Presupuesto Total de la Actividad (Suma T1 a T6) | F74: Presupuesto S1 (nov-26 a abr-27) | G74: Presupuesto S2 (may-27 a oct-27) | H74: Presupuesto S3 (nov-27 a abr-28) | I74: Presupuesto S4 (may-28 a oct-28) | J74: Presupuesto S5 (nov-28 a abr-29) | K74: Presupuesto S6 (may-29 a oct-29)
E75: =SUM(F75:K75) -> 0 | F75: 0 | G75: 0 | H75: 0 | I75: 0 | J75: 0 | K75: 0
E76: =SUM(F76:K76) -> 0 | F76: 0 | G76: 0 | H76: 0 | I76: 0 | J76: 0 | K76: 0
E77: =SUM(F77:K77) -> 0 | F77: 0 | G77: 0 | H77: 0 | I77: 0 | J77: 0 | K77: 0
B78: Presupuesto Total del Producto | E78: =SUM(E75:E77) -> 0 | F78: =SUM(F75:F77) -> 0 | G78: =SUM(G75:G77) -> 0 | H78: =SUM(H75:H77) -> 0 | I78: =SUM(I75:I77) -> 0 | J78: =SUM(J75:J77) -> 0 | K78: =SUM(K75:K77) -> 0
B79: Productos | C79: Línea Base | G79: Meta | K79: Plazo de entrega (# Trimestre) | L79: Comentarios
B80: Producto 5. Informes, sistematización, auditoría y cierre | C80: Sin sistematización ni auditoría final | G80: Informe final integrador, sistematización de lecciones aprendidas, dictamen de auditoría externa sin salvedades y transferencia documental y digital a Natura y al MIDA | K80: Trimestre 11 (día 940)
B81: Actividades Principales | E81: Presupuesto Total de la Actividad (Suma T1 a T6) | F81: Presupuesto S1 (nov-26 a abr-27) | G81: Presupuesto S2 (may-27 a oct-27) | H81: Presupuesto S3 (nov-27 a abr-28) | I81: Presupuesto S4 (may-28 a oct-28) | J81: Presupuesto S5 (nov-28 a abr-29) | K81: Presupuesto S6 (may-29 a oct-29)
E82: =SUM(F82:K82) -> 0 | F82: 0 | G82: 0 | H82: 0 | I82: 0 | J82: 0 | K82: 0
E83: =SUM(F83:K83) -> 0 | F83: 0 | G83: 0 | H83: 0 | I83: 0 | J83: 0 | K83: 0
E84: =SUM(F84:K84) -> 0 | F84: 0 | G84: 0 | H84: 0 | I84: 0 | J84: 0 | K84: 0
B85: Presupuesto Total del Producto | E85: =SUM(E82:E84) -> 0 | F85: =SUM(F82:F84) -> 0 | G85: =SUM(G82:G84) -> 0 | H85: =SUM(H82:H84) -> 0 | I85: =SUM(I82:I84) -> 0 | J85: =SUM(J82:J84) -> 0 | K85: =SUM(K82:K84) -> 0

Sheet 5-PP Total
B1: FUNDACIÓN NATURA
B2: Matriz de Resultados Ciclo de Proyectos | E2: Verificación de Presupuesto
B3: Presupuesto del Proyecto | E3: Porcentaje Recomendado sobre el Total del Proyecto | G3: Porcentaje Real sobre el Total del Proyecto
B4: Partidas Presupuestarias | C4: Monto
B5: Productos | C5: =SUM(C6:C13) -> 0 | G5: =+C5/$C$37 -> #DIV/0!
B6: =+'4- Productos y Actividades'!B17 -> Plan de instalación y línea base socioeconómica | C6: =+'4- Productos y Actividades'!E24 -> 0
B7: =+'4- Productos y Actividades'!B26 -> Producto 2. Elaboración y validación de los 60 Planes de Manejo de Finca | C7: =+'4- Productos y Actividades'!E31 -> 0
B8: =+'4- Productos y Actividades'!B38 -> IMPLEMENTACIÓN DE FINCAS MODELO Y ESCUELAS DE CAMPO AGRÍCOLAS | C8: =+'4- Productos y Actividades'!E45 -> 0
B9: =+'4- Productos y Actividades'!B47 -> IMPLEMENTACIÓN TECNOLÓGICA Y SISTEMA DE MONITOREO AGROAMBIENTAL | C9: =+'4- Productos y Actividades'!E52 -> 0
B10: =+'4- Productos y Actividades'!B54 -> No aplica. El Subproyecto 1.1.1 tiene seis productos, mapeados en los slots 1.1, 1.2, 2.1, 3.1, 3.2 y 3.3. | C10: =+'4- Productos y Actividades'!E59 -> 0
B11: =+'4- Productos y Actividades'!B66 -> Producto 4a. Implementación física en las primeras 30 fincas | C11: =+'4- Productos y Actividades'!E71 -> 0
B12: =+'4- Productos y Actividades'!B73 -> Producto 4b. Implementación física al 100% y monitoreo agroambiental | C12: =+'4- Productos y Actividades'!E78 -> 0
B13: =+'4- Productos y Actividades'!B80 -> Producto 5. Informes, sistematización, auditoría y cierre | C13: =+'4- Productos y Actividades'!E85 -> 0
B14: Planificación y Divulgación del Proyecto | C14: =SUM(C15:C17) -> 0 | E14: 0.034334455 | G14: =+C14/$C$37 -> #DIV/0!
B15: Plan de Gestión de Riesgos | C15: 0
B16: Plan de Gestión Ambiental y Social | C16: 0
B17: Plan de Comunicación del Proyecto | C17: 0
B18: Insumos: Equipo y Herramientas para el Proyecto | C18: =SUM(C19:C24) -> 0 | E18: 0.030328768 | G18: =+C18/$C$37 -> #DIV/0!
B19: Equipo Rodante (solo con contrapartida) | C19: 0
B20: Equipo Acuático | C20: 0
B21: Mobiliario y Equipo de Oficina (solo con contrapartida) | C21: 0
B22: Equipo de Comunicación y Audivisual | C22: 0
B23: Equipo de Computo | C23: 0
B24: Equipo de Campo | C24: 0
B25: Recursos Humanos: Personal Asignado para el Proyecto | C25: =+C26 -> 0 | E25: 0.14648795 | G25: =+C25/$C$37 -> #DIV/0!
B26: Coordinador del Proyecto + Técnico del Proyecto | C26: 0
B27: Subtotal de Prespuesto de Inversión del Proyecto | C27: =+C25+C18+C14+C5 -> 0
B28: Seguimiento, Monitoreo y Evaluación del Proyecto [15% del subtotal de Presupuesto de Inversión del Proyecto] | C28: =SUM(C29:C34) -> 0 | E28: 0.11750881 | G28: =+C28/$C$37 -> #DIV/0!
B29: Consultor responsable del monitoreo del proyecto | C29: 0
B30: Evaluación Intermedia del proyecto | C30: 0
B31: Evaluación Externa Final del proyecto | C31: 0
B32: Plan de Sistematización del Proyecto (3% del total del proyecto) | C32: 0
B33: Taller de Cierre del Proyecto | C33: 0
B34: Auditoría Externa Costos Directos (5% de los 12%) | C34: 0
B35: Presupuesto de Inversión | C35: =+C27+C28 -> 0
B36: PRESUPUESTO DE ADMINISTRACIÓN | C36: 0 | D36: Cero por diseño: en este Subproyecto la administración va imputada DENTRO de cada producto, conforme a la clasificación 70/30 del TdR. La formula original de la plantilla (=+C36*10%) habría elevado el proyecto a US$797.500. | E36: 0.099099099 | G36: =+C36/$C$37 -> #DIV/0!
B37: PRESUPUESTO DEL PROYECTO [presupuesto de inversión + Administración] | C37: =+C35+C36 -> 0 | G37: =+G36+G28+G25+G18+G14+G5 -> #DIV/0!

Sheet 6-Ejemplo de MdR
A2: FUNDACIÓN NATURA
A3: Matriz de Resultados Ciclo de Proyectos
A5: Matriz de Resultados del Proyecto
A6: Nombre del Proyecto | C6: [Ingrese el nombre del Proyecto]
A7: Objetivo General | C7: [ingrese el objetivo General]
A8: Objetivos específicos | C8: 1. [objetivo específico 1] 2. [Objetivo específico 2] 3. [Objetivo específico 3]
A10: Impacto Esperado
A11: IMPACTO ESPERADO DEL PROYECTO:
A12: Indicador | C12: Unidad de Medida | D12: Línea de Base (LB) | E12: Año de LB | G12: Trimestre 1 | H12: Trimestre 2 | I12: Trimestre 3 | J12: Trimestre 4 | K12: Trimestre 5 | L12: Trimestre 6 | M12: Meta Final del Proyecto | N12: Medios de Verificación | O12: Comentarios
A15: Resultados Esperados
A16: RESULTADO #1:
A17: Indicador | C17: Unidad de Medida | D17: Línea de Base (LB) | E17: Año de LB | G17: Trimestre 1 | H17: Trimestre 2 | I17: Trimestre 3 | J17: Trimestre 4 | K17: Trimestre 5 | L17: Trimestre 6 | M17: Meta Final del Proyecto | N17: Medios de Verificación | O17: Comentarios
A19: RESULTADO #2:
A20: Indicador | C20: Unidad de Medida | D20: Línea de Base (LB) | E20: Año de LB | G20: Trimestre 1 | H20: Trimestre 2 | I20: Trimestre 3 | J20: Trimestre 4 | K20: Trimestre 5 | L20: Trimestre 6 | M20: Meta Final del Proyecto | N20: Medios de Verificación | O20: Comentarios
A22: RESULTADO #3:
A23: Indicador | C23: Unidad de Medida | D23: Línea de Base (LB) | E23: Año de LB | G23: Trimestre 1 | H23: Trimestre 2 | I23: Trimestre 3 | J23: Trimestre 4 | K23: Trimestre 5 | L23: Trimestre 6 | M23: Meta Final del Proyecto | N23: Medios de Verificación | O23: Comentarios
A25: RESULTADO #4:
A26: Indicador | C26: Unidad de Medida | D26: Línea de Base (LB) | E26: Año de LB | G26: Trimestre 1 | H26: Trimestre 2 | I26: Trimestre 3 | J26: Trimestre 4 | K26: Trimestre 5 | L26: Trimestre 6 | M26: Meta Final del Proyecto | N26: Medios de Verificación | O26: Comentarios
A29: Productos
A30: [Componente 1] | D30: =+D31+D50 -> 0
A31: [Sub-Componente 1.2] | D31: =+D34+D40+D45 -> 0
A32: Producto | B32: Unidad de Medida | C32: Resultado Asociado | D32: Costo | E32: Línea de Base | F32: Año de línea base | G32: Trimestre 1 | H32: Trimestre 2 | I32: Trimestre 3 | J32: Trimestre 4 | K32: Trimestre 5 | L32: Trimestre 6 | M32: Meta Final del Proyecto | N32: Medios de Verificación | O32: Comentarios
D33: (US$) | F33: [año]
A34: Producto 1.1 | D34: =SUM(D35:D39) -> 0 | E34: 0 | F34: 0 | G34: 0 | H34: 0 | I34: 0 | J34: 0 | K34: 0 | L34: 0 | M34: =SUM(G34:L34) -> 0
A35: Actividad Principal 1.1.1 | D35: 0 | E35: 0 | F35: 0 | G35: 0 | H35: 0 | I35: 0 | J35: 0 | K35: 0 | L35: 0 | M35: =SUM(G35:L35) -> 0
A36: Actividad Principal 1.1.2 | D36: 0 | E36: 0 | F36: 0 | G36: 0 | H36: 0 | I36: 0 | J36: 0 | K36: 0 | L36: 0 | M36: =SUM(G36:L36) -> 0
A37: Actividad Principal 1.1.3 | D37: 0 | E37: 0 | F37: 0 | G37: 0 | H37: 0 | I37: 0 | J37: 0 | K37: 0 | L37: 0 | M37: =SUM(G37:L37) -> 0
A38: Actividad Principal 1.1.4 | D38: 0 | E38: 0 | F38: 0 | G38: 0 | H38: 0 | I38: 0 | J38: 0 | K38: 0 | L38: 0 | M38: =SUM(G38:L38) -> 0
A39: Actividad Principal 1.1.5 | D39: 0 | E39: 0 | F39: 0 | G39: 0 | H39: 0 | I39: 0 | J39: 0 | K39: 0 | L39: 0 | M39: =SUM(G39:L39) -> 0
A40: Producto 1.2 | D40: =SUM(D41:D44) -> 0 | E40: 0 | F40: 0 | G40: 0 | H40: 0 | I40: 0 | J40: 0 | K40: 0 | L40: 0 | M40: =SUM(G40:L40) -> 0
A41: Actividad Principal 1.2.1 | D41: 0 | E41: 0 | F41: 0 | G41: 0 | H41: 0 | I41: 0 | J41: 0 | K41: 0 | L41: 0 | M41: =SUM(G41:L41) -> 0
A42: Actividad Principal 1.2.2 | D42: 0 | E42: 0 | F42: 0 | G42: 0 | H42: 0 | I42: 0 | J42: 0 | K42: 0 | L42: 0 | M42: =SUM(G42:L42) -> 0
A43: Actividad Principal 1.2.3 | D43: 0 | E43: 0 | F43: 0 | G43: 0 | H43: 0 | I43: 0 | J43: 0 | K43: 0 | L43: 0 | M43: =SUM(G43:L43) -> 0
A44: Actividad Principal 1.2.4 | D44: 0 | E44: 0 | F44: 0 | G44: 0 | H44: 0 | I44: 0 | J44: 0 | K44: 0 | L44: 0 | M44: =SUM(G44:L44) -> 0
A45: Producto 1.3 | D45: =SUM(D46:D49) -> 0 | E45: 0 | F45: 0 | G45: 0 | H45: 0 | I45: 0 | J45: 0 | K45: 0 | L45: 0 | M45: =SUM(G45:L45) -> 0
A46: Actividad Principal 1.3.1 | D46: 0 | E46: 0 | F46: 0 | G46: 0 | H46: 0 | I46: 0 | J46: 0 | K46: 0 | L46: 0 | M46: =SUM(G46:L46) -> 0
A47: Actividad Principal 1.3.2 | D47: 0 | E47: 0 | F47: 0 | G47: 0 | H47: 0 | I47: 0 | J47: 0 | K47: 0 | L47: 0 | M47: =SUM(G47:L47) -> 0
A48: Actividad Principal 1.3.3 | D48: 0 | E48: 0 | F48: 0 | G48: 0 | H48: 0 | I48: 0 | J48: 0 | K48: 0 | L48: 0 | M48: =SUM(G48:L48) -> 0
A49: Actividad Principal 1.3.4 | D49: 0 | E49: 0 | F49: 0 | G49: 0 | H49: 0 | I49: 0 | J49: 0 | K49: 0 | L49: 0 | M49: =SUM(G49:L49) -> 0
A50: [Sub-Componente 1.2] | D50: =+D53 -> 0
A51: Producto | B51: Unidad de Medida | C51: Resultado Asociado | D51: Costo | E51: Línea de Base | F51: Año de línea base | G51: Trimestre 1 | H51: Trimestre 2 | I51: Trimestre 3 | J51: Trimestre 4 | K51: Trimestre 5 | L51: Trimestre 6 | M51: Meta Final del Proyecto | N51: Medios de Verificación | O51: Comentarios
D52: (US$) | F52: [año]
A53: Producto 1.4 | D53: =SUM(D54:D58) -> 0 | E53: 0 | F53: 0 | G53: 0 | H53: 0 | I53: 0 | J53: 0 | K53: 0 | L53: 0 | M53: =SUM(G53:L53) -> 0
A54: Actividad Principal 1.4.1 | D54: 0 | E54: 0 | F54: 0 | G54: 0 | H54: 0 | I54: 0 | J54: 0 | K54: 0 | L54: 0 | M54: =SUM(G54:L54) -> 0
A55: Actividad Principal 1.4.2 | D55: 0 | E55: 0 | F55: 0 | G55: 0 | H55: 0 | I55: 0 | J55: 0 | K55: 0 | L55: 0 | M55: =SUM(G55:L55) -> 0
A56: Actividad Principal 1.4.3 | D56: 0 | E56: 0 | F56: 0 | G56: 0 | H56: 0 | I56: 0 | J56: 0 | K56: 0 | L56: 0 | M56: =SUM(G56:L56) -> 0
A57: Actividad Principal 1.4.4 | D57: 0 | E57: 0 | F57: 0 | G57: 0 | H57: 0 | I57: 0 | J57: 0 | K57: 0 | L57: 0 | M57: =SUM(G57:L57) -> 0
A58: Actividad Principal 1.4.5 | D58: 0 | E58: 0 | F58: 0 | G58: 0 | H58: 0 | I58: 0 | J58: 0 | K58: 0 | L58: 0 | M58: =SUM(G58:L58) -> 0
A60: [Componente 2] | D60: =+D63+D69 -> 0
A61: Producto | B61: Unidad de Medida | C61: Resultados Asociados | D61: Costo | E61: Línea de Base | F61: Año de línea base | G61: Trimestre 1 | H61: Trimestre 2 | I61: Trimestre 3 | J61: Trimestre 4 | K61: Trimestre 5 | L61: Trimestre 6 | M61: Meta Final del Proyecto | N61: Medios de Verificación | O61: Comentarios
D62: (millones US$) | F62: [año]
A63: Producto 2.1 | D63: =SUM(D64:D68) -> 0 | E63: 0 | F63: 0 | G63: 0 | H63: 0 | I63: 0 | J63: 0 | K63: 0 | L63: 0 | M63: =SUM(G63:L63) -> 0
A64: Actividad Principal 2.1.1 | D64: 0 | E64: 0 | F64: 0 | G64: 0 | H64: 0 | I64: 0 | J64: 0 | K64: 0 | L64: 0 | M64: =SUM(G64:L64) -> 0
A65: Actividad Principal 2.1.2 | D65: 0 | E65: 0 | F65: 0 | G65: 0 | H65: 0 | I65: 0 | J65: 0 | K65: 0 | L65: 0 | M65: =SUM(G65:L65) -> 0
A66: Actividad Principal 2.1.3 | D66: 0 | E66: 0 | F66: 0 | G66: 0 | H66: 0 | I66: 0 | J66: 0 | K66: 0 | L66: 0 | M66: =SUM(G66:L66) -> 0
A67: Actividad Principal 2.1.4 | D67: 0 | E67: 0 | F67: 0 | G67: 0 | H67: 0 | I67: 0 | J67: 0 | K67: 0 | L67: 0 | M67: =SUM(G67:L67) -> 0
A68: Actividad Principal 2.1.5 | D68: 0 | E68: 0 | F68: 0 | G68: 0 | H68: 0 | I68: 0 | J68: 0 | K68: 0 | L68: 0 | M68: =SUM(G68:L68) -> 0
A69: Producto 2.2 | D69: =SUM(D70:D74) -> 0 | E69: 0 | F69: 0 | G69: 0 | H69: 0 | I69: 0 | J69: 0 | K69: 0 | L69: 0 | M69: =SUM(G69:L69) -> 0
A70: Actividad Principal 2.2.1 | D70: 0 | E70: 0 | F70: 0 | G70: 0 | H70: 0 | I70: 0 | J70: 0 | K70: 0 | L70: 0 | M70: =SUM(G70:L70) -> 0
A71: Actividad Principal 2.2.2 | D71: 0 | E71: 0 | F71: 0 | G71: 0 | H71: 0 | I71: 0 | J71: 0 | K71: 0 | L71: 0 | M71: =SUM(G71:L71) -> 0
A72: Actividad Principal 2.2.3 | D72: 0 | E72: 0 | F72: 0 | G72: 0 | H72: 0 | I72: 0 | J72: 0 | K72: 0 | L72: 0 | M72: =SUM(G72:L72) -> 0
